 Dungeon Crawl Stone Soup version 0.28.0 (webtiles) character file.

Game seed: 11764334576658208974

743 McKennaii the Conjurer (level 7, -6/50 HPs)
             Began as a Demigod Conjurer on Feb 5, 2022.
             Mangled by an ogre (18 damage)
             ... on level 5 of the Dungeon.
             The game lasted 00:06:09 (6140 turns).

McKennaii the Conjurer (Demigod Conjurer)           Turns: 6140, Time: 00:06:09

Health: -6/50      AC:  3    Str:  8    XL:     7   Next: 23%
Magic:  9/16       EV: 12    Int: 34    God:
Gold:   219        SH:  0    Dex: 12    Spells: 7/14 levels left

rFire   . . .      SeeInvis .   m - +2 mace (drain)
rCold   . . .      Faith    .   (no shield)
rNeg    . . .      Spirit   .   a - +0 robe
rPois   .          Reflect  .   o - +0 helmet
rElec   .          Harm     .   (no cloak)
rCorr   .          Rampage  .   (no gloves)
Will    .....                   (no boots)
Stlth   ++........              (no amulet)
HPRegen 0.16/turn               h - +6 ring of intelligence
MPRegen 0.15/turn               (no ring)

@: no status effects
A: high MP 1, forlorn, divine attributes
a: no special abilities


You were on level 5 of the Dungeon.
You visited 1 branch of the dungeon, and saw 5 of its levels.
You also visited: Ossuary.

You collected 219 gold pieces.

Inventory:

Hand Weapons
 m - a +2 mace of draining (weapon)
Armour
 a - a +0 robe (worn)
 o - a +0 helmet (worn)
 x - a +3 ring mail
Jewellery
 h - a +6 ring of intelligence (left hand)
Wands
 p - a wand of digging (8)
 y - a wand of charming (5)
 A - a wand of iceblast (11)
Scrolls
 d - a scroll of immolation {unknown}
 e - 3 scrolls of teleportation {unknown}
 g - a scroll of amnesia {unknown}
 i - 2 scrolls of fear {unknown}
 j - 4 scrolls of fog {unknown}
 l - a scroll of brand weapon {unknown}
 n - 2 scrolls of enchant armour {unknown}
 t - 3 scrolls of torment {unknown}
 u - a scroll of blinking {unknown}
 v - 2 scrolls of identify {unknown}
Potions
 b - 2 potions of heal wounds {unknown}
 c - 2 potions of haste {unknown}
 f - a potion of ambrosia {unknown}
 k - a potion of resistance {unknown}
 q - a potion of berserk rage {unknown}
 r - 3 potions of attraction {unknown}
 s - a potion of brilliance {unknown}
 w - a potion of invisibility {unknown}
 z - a potion of flight {unknown}
 B - a potion of curing {unknown}


   Skills:
 - Level 1.7 Dodging
 - Level 1.7 Stealth
 + Level 4.3 Spellcasting
 * Level 7.2 Conjurations


You had 7 spell levels left.
You knew the following spells:

 Your Spells              Type           Power      Damage    Failure   Level
a - Magic Dart            Conj           100%       1d8       1%          1
b - Searing Ray           Conj           100%       2d8       1%          2
c - Iskenderun's Mystic   Conj/Tloc      32%        2d8       11%         4

Your spell library contained the following spells:

 Spells                   Type           Power      Damage    Failure   Level
 Dazzling Flash           Conj/Hex       64%        N/A       3%          3
 Fulminant Prism          Conj/Hex       16%        3d11      11%         4


Dungeon Overview and Level Annotations

Branches:
Dungeon (5/15)            Ossuary (visited)
 Temple: D:4-7

Annotations:
D:4 3 runed translucent doors, nogo's ghost, amateur GrFi


Innate Abilities, Weirdness & Mutations

You have an increased reservoir of magic. (+10% MP)
You shall have no god before yourself.
Your divine heritage dramatically boosts your attributes as you level up.


Message History

[Y]es or [N]o only, please.
Your line of fire to the centaur is blocked by a plant.
Continue anyway?
Okay, then.
Casting: Magic Dart (safe; 1% risk of failure)
Confirm with . or Enter, or press ? or * to list all spells.
Aiming: Magic Dart (safe; 1% risk of failure)
Press: ? - help, Shift-Dir - straight line, f - ogre, p - centaur
Aim: an ogre, wielding a +0 giant club (lightly wounded, 100% to hit)
The magic dart hits the ogre.
The ogre is moderately wounded.
Unknown command.
Casting: Magic Dart (safe; 1% risk of failure)
Confirm with . or Enter, or press ? or * to list all spells.
Aiming: Magic Dart (safe; 1% risk of failure)
Press: ? - help, Shift-Dir - straight line, f/p - ogre
Aim: an ogre, wielding a +0 giant club (moderately wounded, 100% to hit)
The magic dart hits the ogre.
The ogre is moderately wounded.
The centaur wields a +0 shortbow.
The centaur shoots an arrow.
The arrow hits you.
Casting: Magic Dart (safe; 1% risk of failure)
Confirm with . or Enter, or press ? or * to list all spells.
Aiming: Searing Ray (safe; 1% risk of failure)
Press: ? - help, Shift-Dir - straight line, f/p - ogre
Aim: an ogre, wielding a +0 giant club (moderately wounded, 92% to hit)
The searing ray hits the ogre!
The ogre is severely wounded. (Press . to maintain the ray.)
The centaur shoots an arrow.
The arrow hits you!
The searing ray hits the ogre.
The ogre is severely wounded.
The centaur shoots an arrow.
The arrow hits you!
Unknown command.
The searing ray hits the ogre.
The ogre is almost dead.
The centaur shoots an arrow.
The arrow hits you. The adder closely misses you.
The centaur shoots an arrow.
The arrow hits you!
* * * LOW HITPOINT WARNING * * *
The ogre hits you with a +0 giant club!!
You die...

. ....#####
#.....O@#
....P..S..#
#.≈≈cP.o...(.
♣≈≈≈≈≈.........
#≈♣.≈≈♣........
.≈≈≈≈≈≈♣.......
P≈≈≈≈≈♣ .......
.≈.≈≈. .......


You could see an ogre, a centaur, an adder and an orc.

Vanquished Creatures
  Duvessa (D:4)
  2 elf zombies (Ossuary)
  Dowan (D:4)
  3 centaur zombies (Ossuary)
  3 hounds
  Terence (D:2)
  An orc wizard (D:4)
  A hound zombie (Ossuary)
  3 mummies (Ossuary)
  Robin (D:3)
  3 adders
  3 adder zombies (Ossuary)
  An adder skeleton (D:4)
  2 worms
  3 dart slugs
  5 orcs
  5 bats
  6 endoplasms
  2 giant cockroaches
  A gnoll zombie (Ossuary)
  12 goblins
  9 hobgoblins
  13 jackals
  7 kobolds
  3 quokkas
  A ball python (D:1)
  3 frilled lizards (D:1)
  5 goblin zombies
  3 hobgoblin zombies (Ossuary)
  2 jackal zombies (Ossuary)
  4 kobold zombies (Ossuary)
  3 orc zombies (Ossuary)
  4 quokka zombies (Ossuary)
  3 rats
  4 rat zombies
124 creatures vanquished.

Notes
Turn   | Place    | Note
-------+----------+-------------------------------------------
     0 | D:1      | McKennaii the Demigod Conjurer began the quest for the Orb.
     0 | D:1      | Reached XP level 1. HP: 14/14 MP: 5/5
   584 | D:1      | Reached XP level 2. HP: 20/20 MP: 1/7
   649 | D:1      | Reached skill level 4 in Conjurations
  1509 | D:2      | Noticed Terence
  1516 | D:2      | Killed Terence
  1517 | D:2      | Reached XP level 3. HP: 26/26 MP: 1/9
  1523 | D:2      | Learned a level 2 spell: Searing Ray
  2151 | D:3      | Reached XP level 4. HP: 33/33 MP: 7/10
  2151 | D:3      | Noticed Robin
  2157 | D:3      | Killed Robin
  2438 | D:3      | Reached skill level 5 in Conjurations
  3160 | D:4      | Reached XP level 5. HP: 38/38 MP: 7/12
  3165 | D:4      | Learned a level 4 spell: Iskenderun's Mystic Blast
  3180 | D:4      | Found a sand-covered staircase.
  3280 | Ossuary  | Entered an ossuary
  3915 | Ossuary  | Reached skill level 6 in Conjurations
  4047 | Ossuary  | Reached XP level 6. HP: 40/45 MP: 5/14
  4792 | D:4      | Found a runed translucent gate.
  4792 | D:4      | Found a runed translucent gate.
  4792 | D:4      | Found a runed translucent gate.
  4798 | D:4      | Noticed nogo's ghost (amateur GrFi)
  5053 | D:4      | Noticed Duvessa
  5106 | D:4      | Killed Duvessa
  5107 | D:4      | Reached XP level 7. HP: 11/50 MP: 3/16
  5407 | D:4      | Noticed Dowan
  5414 | D:4      | Killed Dowan
  5415 | D:4      | Reached skill level 7 in Conjurations
  6133 | D:5      | Entered Level 5 of the Dungeon
  6140 | D:5      | Mangled by an ogre

Illustrated notes

Levels and vault maps discovered:
D:1:      mrwooster_arrival_statue, layout_loops_corners,
          basic_ecumenical_altar, hex_large
D:2:      layout_rooms, uniq_terence
D:3:      layout_basic, xom_confusion_cloud, uniq_robin
D:4:      nicolae_cairo_tiling_large_dashed, layout_gridville,
          mainiacjoe_overflow_chevrons, mainiacjoe_overflow_paths,
          enter_ossuary_4, ebering_ghost_gozag, uniq_duvessa
D:5:      layout_cave_pods, mainiacjoe_overflow_divided_tiny,
          gammafunk_ghost_smash, serial_bayou_pond_b,
          minmay_fractal_squares_gapless_5

Skill      XL: |  1  2  3  4  5  6  7 |
---------------+----------------------+-----
Spellcasting   | 2 3 4 |  4.3
Conjurations   | 4 5 6 7 |  7.2
Dodging        | |  1.7
Stealth        | |  1.7

Action                   |  1- 3 |  4- 6 |  7- 9 || total
-------------------------+-------+-------+-------++-------
Melee: Mace              |       |    36 |       ||    36
       Punch             |       |     1 |       ||     1
 Cast: Magic Dart        |    84 |   218 |    28 ||   330
       Searing Ray       |       |     4 |     5 ||     9
Armor: Robe              |     5 |    36 |     2 ||    43
Dodge: Dodged            |     8 |    78 |     4 ||    90
